AoeStats
← KaLong

Pilgrims

507428190Analyzed
4v4 RM · 14d ago on Sep 18, 2026· 28m 22s· 8 players
Game mode
Random Map
Map size
Large (8 player)
Population
200
Speed
Normal
Resources
Standard
Victory
Conquest
Starting age
Dark Age
Ending age
Imperial Age
RankedLock teamsTeams togetherTeam positionsShared explorationLock speedFull tech treeHidden civsTurbo modeCheats
Victory
Defeat
🇦🇷 Georgians · Argentina
1630
+11
🇳🇿 Armenians · New Zealand
1551
+14
🇨🇳 Saracens · China
1479
+17
🇨🇳 Mongols · China
1345
+21
🇺🇸 Armenians · United States
1601
-20
🇺🇸 Georgians · United States
1479
-15
🇺🇸 Japanese · United States
1464
-14
🇺🇸 Italians · United States
1441
-14
Kayros
6:56 Loom
9:41 Feudal Age
10:16 Fishing Lines
10:27 Double-Bit Axe
10:39 Town Watch
13:26 Wheelbarrow
16:01 Castle Age
14:27 Forging
14:35 Gold Mining
17:27 Bow Saw
18:11 Medium Warships
19:51 Fervor
21:04 Horse Collar
22:19 Sanctity
26:25 Fletching
27:09 Bodkin Arrow
27:21 Heavy Plow
hungdonkey
6:20 Loom
12:28 Feudal Age
12:48 Man-at-Arms
13:36 Arson
13:50 Long Swordsman
15:29 Scale Mail Armor
16:15 Fishing Lines
17:01 Double-Bit Axe
17:14 Gold Mining
17:59 Town Watch
21:25 Castle Age
21:50 Forging
21:56 Two-Handed Swordsman
22:21 Gambesons
22:52 Chain Mail Armor
25:08 Wheelbarrow
27:10 Wheelbarrow
28:41 Medium Warships
Boar
7:18 Loom
12:20 Feudal Age
13:35 Fishing Lines
16:58 Castle Age
19:08 Medium Warships
19:13 Double-Bit Axe
21:26 Fletching
21:47 Gold Mining
21:49 Stone Mining
23:54 Horse Collar
24:25 Bow Saw
25:37 Heavy Plow
28:33 Wheelbarrow
27:43 Town Watch
28:36 Scale Barding Armor
帝国东东
1:33 Loom
14:16 Feudal Age
15:00 Fishing Lines
15:59 Wheelbarrow
15:50 Double-Bit Axe
21:22 Gold Mining
21:23 Stone Mining
21:21 Horse Collar
24:11 Castle Age
23:37 Scale Barding Armor
23:42 Forging
25:01 Gillnets
25:54 Forging
BomBomB0
9:37 Loom
11:57 Feudal Age
12:21 Fishing Lines
12:32 Double-Bit Axe
14:51 Forging
17:34 Wheelbarrow
17:23 Fletching
20:30 Gold Mining
26:31 Castle Age
27:03 Gillnets
27:24 Medium Warships
27:11 Bodkin Arrow
27:29 Bow Saw
27:56 Gold Shaft Mining
27:19 Town Watch
28:52 Hand Cart
倉木華
8:47 Loom
10:58 Feudal Age
11:35 Gold Mining
11:36 Double-Bit Axe
14:03 Fishing Lines
17:05 Wheelbarrow
19:26 Stone Mining
19:17 Horse Collar
22:43 Fletching
27:35 Castle Age
KaLong
3:59 Loom
16:47 Feudal Age
24:12 Castle Age
25:08 Double-Bit Axe
27:35 Wheelbarrow
27:14 Bow Saw
machpatel
8:45 Loom
13:45 Feudal Age
18:06 Castle Age
16:01 Town Watch
16:18 Fletching
19:01 Fishing Lines
19:44 Bodkin Arrow
24:52 Imperial Age
24:35 Ballistics
27:11 Chemistry
Connection lost

Rejoining the realm…

Still unreachable

The connection could not be restored.

Session expired

The server has moved on; the page needs a fresh start.